[Event "DVM U14 2021"]
[Site "Willingen"]
[Date "2022.08.14"]
[Round "4"]
[White "Nitsche, Nikolai"]
[Black "Lichtinger, Simon"]
[Result "1/2-1/2"]
[ECO "E67"]
[WhiteElo "1764"]
[BlackElo "1473"]
[Annotator "NA RC"]
[PlyCount "61"]
[EventDate "2022.08.12"]
[EventType "team-tourn"]
[EventRounds "7"]
[EventCountry "GER"]
[SourceTitle "playchess.com"]
[Source "ChessBase"]
[SourceQuality "1"]
[TimeControl "40/5400+30:1800+30"]

1. Nf3 Nf6 2. g3 g6 3. Bg2 Bg7 4. O-O O-O 5. c4 d6 6. d4 Nbd7 7. Nc3 e5 8. dxe5 dxe5 9. Be3 Qe7 10. Qd2 Ng4 11. Bg5 f6 12. h3 fxg5 13. hxg4 c6 14. Qxg5 Qxg5 15. Nxg5 Nf6 16. f3 h6 17. Nge4 Nxe4 18. Nxe4 Rd8 19. Rfd1 Be6 20. b3 Bf8 21. Kf2 b5 22. cxb5 cxb5 23. Rxd8 Rxd8 24. Rc1 Bd5 25. Nf6+ Kf7 26. g5 hxg5 27. Ng4 Ke6 28. Bh3 Be7 29. Nh6+ Kf6 30. Rc7 Be6 31. Ng4+ 1/2-1/2

[Event "DVM U14 2021"]
[Site "Willingen"]
[Date "2022.08.14"]
[Round "4"]
[White "Bongardt, Livius"]
[Black "Schwartz, Oliver"]
[Result "1-0"]
[ECO "B94"]
[WhiteElo "1756"]
[BlackElo "1872"]
[Annotator "NA RC"]
[PlyCount "25"]
[EventDate "2022.08.12"]
[EventType "team-tourn"]
[EventRounds "7"]
[EventCountry "GER"]
[SourceTitle "playchess.com"]
[Source "ChessBase"]
[SourceQuality "1"]
[TimeControl "40/5400+30:1800+30"]

1. e4 c5 2. Nf3 d6 3. d4 cxd4 4. Nxd4 Nf6 5. Nc3 a6 6. Bg5 Nbd7 7. Bc4 e6 8. Qd2 b5 9. Bxe6 fxe6 10. Nxe6 Qb6 11. Nd5 Nxd5 12. Qxd5 Bb7 13. Nc7+ 1-0

[Event "DVM U14 2021"]
[Site "Willingen"]
[Date "2022.08.14"]
[Round "4"]
[White "Malan, Jan-Willem"]
[Black "Vesszö, Aaron"]
[Result "1-0"]
[ECO "A26"]
[WhiteElo "1747"]
[BlackElo "1306"]
[Annotator "NA RC"]
[PlyCount "62"]
[EventDate "2022.08.12"]
[EventType "team-tourn"]
[EventRounds "7"]
[EventCountry "GER"]
[SourceTitle "playchess.com"]
[Source "ChessBase"]
[SourceQuality "1"]
[TimeControl "40/5400+30:1800+30"]

1. c4 Nf6 2. g3 g6 3. Bg2 Bg7 4. Nc3 O-O 5. e4 d6 6. d3 e5 7. Nge2 Ne8 8. O-O Nc6 9. f4 a6 10. b3 Rb8 11. a4 f5 12. fxe5 dxe5 13. Be3 Nb4 14. Bc5 Qxd3 15. Bxb4 Qe3+ 16. Kh1 c5 17. Nd5 Qg5 18. Bxc5 Rf7 19. h4 Qd8 20. Ne7+ Qxe7 21. Bxe7 Rxe7 22. Qc2 Nf6 23. Rad1 Be6 24. Qd2 Rd7 25. Qa5 Rxd1 26. Rxd1 Nd7 27. Rxd7 Bxd7 28. Qd5+ Be6 29. Qxe6+ Kh8 30. Qd6 Rf8 31. exf5 Rxf5 1-0

[Event "DVM U14 2021"]
[Site "Willingen"]
[Date "2022.08.14"]
[Round "4"]
[White "Tomasjan, Samuel"]
[Black "Krüger, Arthur"]
[Result "1/2-1/2"]
[ECO "C10"]
[WhiteElo "1741"]
[BlackElo "1996"]
[Annotator "NA RC"]
[PlyCount "128"]
[EventDate "2022.08.12"]
[EventType "team-tourn"]
[EventRounds "7"]
[EventCountry "GER"]
[SourceTitle "playchess.com"]
[Source "ChessBase"]
[SourceQuality "1"]
[TimeControl "40/5400+30:1800+30"]

1. e4 e6 2. d4 d5 3. Nd2 dxe4 4. Nxe4 Nf6 5. Nxf6+ Qxf6 6. Nf3 Qd8 7. Bd3 Nd7 8. O-O Nf6 9. c3 Be7 10. Qe2 O-O 11. Bg5 $16 Rb8 12. Ne5 Nd7 13. Bxe7 Qxe7 14. f4 Nxe5 15. fxe5 c5 16. Qh5 g6 17. Qh6 cxd4 18. cxd4 Bd7 19. Qf4 Bc6 20. Rae1 Rbd8 21. Qe3 Qb4 22. Rf4 Qxb2 23. Re2 Qa1+ 24. Kf2 Rd7 25. Bc4 Bd5 26. Bd3 Rc7 27. h4 Rc3 28. Qd2 Rfc8 29. Be4 Bxe4 30. Rfxe4 Qc1 31. d5 Qxd2 32. Rxd2 exd5 33. Red4 R8c5 34. Rxd5 Rxd5 35. Rxd5 Rc2+ 36. Kf3 Rxa2 37. Rd8+ Kg7 38. Rd7 Ra6 39. Rxb7 Re6 40. Rxa7 Rxe5 41. g3 Kf6 42. Ra6+ Re6 43. Ra5 Re7 44. Kf4 Rb7 45. Ra6+ Kg7 46. Ra5 f5 47. Ra4 Rb1 48. Ra7+ Kh6 49. Kf3 Rb4 50. Rf7 Re4 51. Ra7 g5 52. hxg5+ Kg6 53. Ra8 Kxg5 54. Rg8+ Kh5 55. Rf8 Kg6 56. Rg8+ Kf7 57. Rg5 Kf6 58. Rg8 Re7 59. Kf4 Re1 60. Rf8+ Kg6 61. Rg8+ Kf7 62. Rg5 Ke6 63. Rh5 Rf1+ 64. Ke3 Rg1 1/2-1/2

[Event "DVM U14 2021"]
[Site "Willingen"]
[Date "2022.08.14"]
[Round "4"]
[White "Schoen, Florian"]
[Black "Braeutigam, Katerina"]
[Result "1/2-1/2"]
[ECO "B13"]
[WhiteElo "1688"]
[BlackElo "1781"]
[Annotator "NA RC"]
[PlyCount "99"]
[EventDate "2022.08.12"]
[EventType "team-tourn"]
[EventRounds "7"]
[EventCountry "GER"]
[SourceTitle "playchess.com"]
[Source "ChessBase"]
[SourceQuality "1"]
[TimeControl "40/5400+30:1800+30"]

1. e4 c6 2. d4 d5 3. exd5 cxd5 4. Bd3 Nc6 5. c3 g6 6. Bf4 Nf6 7. h3 Bg7 8. Nf3 O-O 9. O-O Bf5 10. Be2 a6 11. Nbd2 b5 12. a3 Qb6 13. g4 Bc8 14. Ne5 Nxe5 15. Bxe5 Nd7 16. Bxg7 Kxg7 17. b4 e5 18. Nb3 e4 19. Nc5 f5 20. f4 Nf6 21. g5 Ne8 22. Qd2 Nd6 23. Kf2 Rf7 24. Ke3 Rfa7 25. Ra2 a5 26. Rfa1 a4 27. Rh1 Kg8 28. Bf1 Rg7 29. Qh2 Raa7 30. h4 Kf8 31. h5 Rg8 32. hxg6 hxg6 33. Rg2 Rag7 34. Rg3 Qa7 35. Rh3 Qf7 36. Qg1 Ke8 37. R1h2 Qf8 38. Qh1 Kf7 39. Rh6 Qe8 40. R2h4 Qf8 41. Qh2 Ke7 42. Qc2 Bd7 43. Qh2 Bc8 44. Rh8 Kf7 45. Rxg8 Rxg8 46. Rh7+ Rg7 47. Rh8 Rg8 48. Qh7+ Qg7 49. Qxg7+ Kxg7 50. Rxg8+ 1/2-1/2

[Event "DVM U14 2021"]
[Site "Willingen"]
[Date "2022.08.14"]
[Round "4"]
[White "Tietz, Bennit"]
[Black "Römer, Uri"]
[Result "1/2-1/2"]
[ECO "C50"]
[WhiteElo "1684"]
[BlackElo "1485"]
[Annotator "NA RC"]
[PlyCount "68"]
[EventDate "2022.08.12"]
[EventType "team-tourn"]
[EventRounds "7"]
[EventCountry "GER"]
[SourceTitle "playchess.com"]
[Source "ChessBase"]
[SourceQuality "1"]
[TimeControl "40/5400+30:1800+30"]

1. e4 e5 2. Nf3 Nc6 3. Bc4 Nf6 4. d3 h6 5. h3 Bc5 6. Nc3 d6 7. Na4 Bb6 8. Nxb6 axb6 9. O-O Be6 10. Bxe6 fxe6 11. c3 O-O 12. Re1 Re8 13. d4 exd4 14. cxd4 d5 15. exd5 exd5 16. Rxe8+ Qxe8 17. Bf4 Qf7 18. Ne5 Nxe5 19. Bxe5 c5 20. dxc5 bxc5 21. Bxf6 gxf6 22. Qc1 Qf8 23. Qd2 d4 24. Qc2 Rd8 25. Kf1 Kg7 26. Qb3 Rd7 27. Qg3+ Kh8 28. Rd1 Rg7 29. Qf4 Rd7 30. Qf5 Rc7 31. Re1 Qf7 32. Re6 Kg7 33. Qg4+ Kh8 34. Qf5 Kg7 1/2-1/2

[Event "DVM U14 2021"]
[Site "Willingen"]
[Date "2022.08.14"]
[Round "4"]
[White "Fettig, Konrad"]
[Black "Gering, Jakob"]
[Result "0-1"]
[ECO "A36"]
[WhiteElo "1677"]
[BlackElo "1349"]
[Annotator "NA RC"]
[PlyCount "78"]
[EventDate "2022.08.12"]
[EventType "team-tourn"]
[EventRounds "7"]
[EventCountry "GER"]
[SourceTitle "playchess.com"]
[Source "ChessBase"]
[SourceQuality "1"]
[TimeControl "40/5400+30:1800+30"]

1. c4 c5 2. g3 g6 3. Bg2 Bg7 4. Nc3 Nc6 5. e4 e6 6. Nf3 Nge7 7. O-O O-O 8. d3 a6 9. Be3 b6 10. Qd2 Bb7 11. Bh6 d5 12. Bxg7 Kxg7 13. cxd5 exd5 14. exd5 Nb4 15. d4 c4 16. Qe2 Rc8 17. Ne5 Nexd5 18. a3 Nxc3 19. bxc3 Bxg2 20. Kxg2 Nd5 21. Qb2 h5 22. Nf3 Qd7 23. Rfe1 Nf4+ 24. gxf4 Qg4+ 25. Kf1 Qxf3 26. Re3 Qxf4 27. Kg2 Rc6 28. Rae1 h4 29. Qe2 Rf6 30. Re5 h3+ 31. Kg1 Rh8 32. Qe3 Rh4 33. Qxf4 Rhxf4 34. R1e2 Rg4+ 35. Kf1 Rg2 36. d5 Rxh2 37. Rd2 Rh1+ 38. Ke2 h2 39. d6 Rg1 0-1

[Event "DVM U14 2021"]
[Site "Willingen"]
[Date "2022.08.14"]
[Round "4"]
[White "Schwan, Aaron"]
[Black "Beyer, Lorenz"]
[Result "0-1"]
[ECO "C01"]
[WhiteElo "1672"]
[BlackElo "1587"]
[Annotator "NA RC"]
[PlyCount "144"]
[EventDate "2022.08.12"]
[EventType "team-tourn"]
[EventRounds "7"]
[EventCountry "GER"]
[SourceTitle "playchess.com"]
[Source "ChessBase"]
[SourceQuality "1"]
[TimeControl "40/5400+30:1800+30"]

1. e4 e6 2. d4 d5 3. Bd3 dxe4 4. Bxe4 Nf6 5. Bf3 c5 6. Ne2 Be7 7. O-O O-O 8. Nbc3 Nc6 9. Be3 cxd4 10. Nxd4 Ne5 11. Be2 Bd7 12. f4 Nc6 13. Bf3 Bc5 14. Kh1 Nxd4 15. Bxd4 Bxd4 16. Qxd4 Qc7 17. Qb4 Bc6 18. Rad1 Rad8 19. Qc4 Qb6 20. Bxc6 bxc6 21. Na4 Qc7 22. Nc5 h6 23. Nd3 Nd5 24. Rfe1 Qb6 25. Qb3 Qc7 26. Qa4 Rd6 27. Ne5 Rfd8 28. c3 Nb6 29. Qc2 Nd5 30. Qa4 Nb6 31. Qb3 c5 32. Rxd6 Qxd6 33. Qc2 Qd2 34. Qe4 f5 35. Qb1 Qxf4 36. Nd3 Qc4 37. Ne5 Qd5 38. Ng6 Qd3 39. Qxd3 Rxd3 40. Kg1 Rd6 41. Re2 Nd5 42. c4 Nf6 43. Re5 Ne4 44. g4 Kf7 45. gxf5 exf5 46. Nf4 g6 47. Nd5 Re6 48. Rxe6 Kxe6 49. Nf4+ Kf6 50. Nd3 g5 51. a3 a5 52. b4 cxb4 53. axb4 axb4 54. Nxb4 Nc5 55. Nc6 f4 56. Kg2 g4 57. Nb4 h5 58. Kf2 Kf5 59. Nc2 Ke4 60. Ne1 h4 61. h3 gxh3 62. Nf3 Nd3+ 63. Ke2 Ne5 64. Ng5+ Kf5 65. Nxh3 Nxc4 66. Kf3 Ne5+ 67. Kf2 Kg4 68. Kg2 f3+ 69. Kh2 Nd3 70. Nf2+ Nxf2 71. Kg1 Kg3 72. Kf1 h3 0-1

[Event "DVM U14 2021"]
[Site "Willingen"]
[Date "2022.08.14"]
[Round "4"]
[White "Reus, Nicholas"]
[Black "Isbilir, Levin"]
[Result "1/2-1/2"]
[ECO "A25"]
[WhiteElo "1663"]
[BlackElo "1629"]
[Annotator "NA RC"]
[PlyCount "100"]
[EventDate "2022.08.12"]
[EventType "team-tourn"]
[EventRounds "7"]
[EventCountry "GER"]
[SourceTitle "playchess.com"]
[Source "ChessBase"]
[SourceQuality "1"]
[TimeControl "40/5400+30:1800+30"]

1. c4 e5 2. Nc3 Nc6 3. e3 f5 4. d4 Nf6 5. d5 Ne7 6. Nf3 d6 7. g3 g6 8. Bg2 Bg7 9. O-O O-O 10. Re1 h6 11. h4 Bd7 12. Qd2 Nh5 13. Ne2 Qc8 14. Kh2 Kh7 15. Nfg1 Ng8 16. Nh3 Ngf6 17. f4 Ng4+ 18. Kg1 e4 19. Rb1 b5 20. b3 bxc4 21. bxc4 Qa6 22. Rb4 Rfb8 23. a3 Rb6 24. Nf2 Nxf2 25. Kxf2 Nf6 26. Bh3 Rab8 27. Rxb6 Rxb6 28. Qa2 Ba4 29. Nd4 Bb3 30. Nxb3 Qxc4 31. Rd1 Qxb3 32. Qxb3 Rxb3 33. Bf1 Ng4+ 34. Ke2 Bb2 35. Bxb2 Rxb2+ 36. Rd2 Rxd2+ 37. Kxd2 Nf6 38. Bc4 Kg7 39. a4 a5 40. Ke2 Kf7 41. Ke1 Ke7 42. Ke2 Kd8 43. Ke1 Kc8 44. Kd2 Ng4 45. Ba6+ Kd8 46. Bb5 Nf6 47. Bc4 Kc8 48. Kc3 Kb7 49. Kd4 Kb6 50. g4 Nh5 1/2-1/2

[Event "DVM U14 2021"]
[Site "Willingen"]
[Date "2022.08.14"]
[Round "4"]
[White "Helmbrecht, Paul"]
[Black "Freude, Max"]
[Result "0-1"]
[ECO "D00"]
[WhiteElo "1661"]
[BlackElo "1819"]
[Annotator "NA RC"]
[PlyCount "76"]
[EventDate "2022.08.12"]
[EventType "team-tourn"]
[EventRounds "7"]
[EventCountry "GER"]
[SourceTitle "playchess.com"]
[Source "ChessBase"]
[SourceQuality "1"]
[TimeControl "40/5400+30:1800+30"]

1. d4 Nf6 2. Nc3 d5 3. Bf4 e6 4. e3 a6 5. g4 h6 6. Qf3 c5 7. h4 Qa5 8. Nge2 c4 9. Bg2 b5 10. Qg3 Nc6 11. O-O Ra7 12. a3 Qd8 13. f3 Be7 14. h5 O-O 15. e4 b4 16. axb4 Nxb4 17. e5 Nh7 18. Rac1 Bd7 19. Be3 a5 20. Nd1 Ba4 21. c3 Nd3 22. Ra1 Bxd1 23. Rfxd1 Nxb2 24. Rdb1 Nd3 25. Nc1 Nxc1 26. Bxc1 Qc7 27. f4 Rb8 28. g5 hxg5 29. fxg5 Nf8 30. Bf4 Rxb1+ 31. Rxb1 g6 32. Qf2 a4 33. Bxd5 exd5 34. e6 Bd6 35. exf7+ Kg7 36. Bxd6 Qxd6 37. h6+ Kh7 38. Rb8 a3 0-1

[Event "DVM U14 2021"]
[Site "Willingen"]
[Date "2022.08.14"]
[Round "4"]
[White "Hoffmann, Kay"]
[Black "Prinzen, Siri Marleen"]
[Result "1-0"]
[ECO "A03"]
[WhiteElo "1653"]
[BlackElo "1801"]
[Annotator "NA RC"]
[PlyCount "79"]
[EventDate "2022.08.12"]
[EventType "team-tourn"]
[EventRounds "7"]
[EventCountry "GER"]
[SourceTitle "playchess.com"]
[Source "ChessBase"]
[SourceQuality "1"]
[TimeControl "40/5400+30:1800+30"]

1. f4 d5 2. Nf3 Nf6 3. e3 g6 4. b3 Bg7 5. Bb2 c5 6. Bb5+ Bd7 7. Bxd7+ Nbxd7 8. O-O Qb6 9. Na3 Nh5 10. Ne5 a6 11. Qf3 Qd6 12. e4 d4 13. Nac4 Qc7 14. Nxd7 Kxd7 15. g4 Nf6 16. e5 Ng8 17. Qd5+ Ke8 18. e6 fxe6 19. Qxe6 Qc6 20. Qxc6+ bxc6 21. Ba3 Nf6 22. Bxc5 d3 23. Rae1 Bf8 24. g5 Nh5 25. Nd6+ Kd7 26. Nf7 Rg8 27. Ne5+ Kc7 28. Nxd3 Re8 29. Re4 Ng7 30. Ra4 Ra8 31. Bd4 e6 32. Re1 Nf5 33. Rxe6 Bd6 34. Be5 Kd7 35. Rxd6+ Nxd6 36. Rd4 Rgc8 37. Rxd6+ Ke7 38. Nc5 Rd8 39. Re6+ Kf7 40. d4 1-0

[Event "DVM U14 2021"]
[Site "Willingen"]
[Date "2022.08.14"]
[Round "4"]
[White "Gold, Jan Christian"]
[Black "Marcziter, Alex"]
[Result "1-0"]
[ECO "D30"]
[WhiteElo "1638"]
[BlackElo "1466"]
[Annotator "NA RC"]
[PlyCount "67"]
[EventDate "2022.08.12"]
[EventType "team-tourn"]
[EventRounds "7"]
[EventCountry "GER"]
[SourceTitle "playchess.com"]
[Source "ChessBase"]
[SourceQuality "1"]
[TimeControl "40/5400+30:1800+30"]

1. d4 d5 2. c4 e6 3. Nf3 c6 4. Bf4 f5 5. e3 Nf6 6. cxd5 exd5 7. Bd3 Be7 8. O-O O-O 9. Nbd2 Ne4 10. Ne5 Nxd2 11. Qxd2 Be6 12. h3 Nd7 13. Nxd7 Qxd7 14. Be5 Bf6 15. f4 Be7 16. Kh2 Bd6 17. Qe2 Rf7 18. Rg1 Bxe5 19. dxe5 Rd8 20. g4 Rff8 21. Raf1 Kh8 22. Rf2 g6 23. b3 Rg8 24. Rfg2 Qf7 25. Rg3 Rg7 26. Qb2 Rdg8 27. Qd4 b6 28. b4 Qd7 29. a3 Rc8 30. gxf5 Bxf5 31. Rg5 Rcg8 32. Bxf5 gxf5 33. e6 Qc7 34. Qf6 1-0

[Event "DVM U14 2021"]
[Site "Willingen"]
[Date "2022.08.14"]
[Round "4"]
[White "Bolz, Jannis"]
[Black "Bezsonna, Polina"]
[Result "1/2-1/2"]
[ECO "B38"]
[WhiteElo "1616"]
[BlackElo "1631"]
[Annotator "NA RC"]
[PlyCount "55"]
[EventDate "2022.08.12"]
[EventType "team-tourn"]
[EventRounds "7"]
[EventCountry "GER"]
[SourceTitle "playchess.com"]
[Source "ChessBase"]
[SourceQuality "1"]
[TimeControl "40/5400+30:1800+30"]

1. d4 Nf6 2. c4 c5 3. Nf3 g6 4. Nc3 cxd4 5. Nxd4 Bg7 6. e4 Nc6 7. Be3 O-O 8. Be2 b6 9. f3 Bb7 10. Ndb5 Rc8 11. O-O Ne8 12. Qd2 Nc7 13. Na3 e6 14. Rfd1 Nb8 15. Nab5 Bxc3 16. Nxc3 Qe7 17. e5 f6 18. f4 f5 19. Bf2 h6 20. Qe1 g5 21. Be3 g4 22. Bf2 Rf7 23. a3 Rh7 24. b4 h5 25. Bh4 Qf8 26. Qf2 Bc6 27. Rd2 Na8 28. Bf1 1/2-1/2

[Event "DVM U14 2021"]
[Site "Willingen"]
[Date "2022.08.14"]
[Round "4"]
[White "Gotfried, Elias"]
[Black "Martin Fernandez, Rafael"]
[Result "0-1"]
[ECO "B02"]
[WhiteElo "1589"]
[BlackElo "1645"]
[Annotator "NA RC"]
[PlyCount "90"]
[EventDate "2022.08.12"]
[EventType "team-tourn"]
[EventRounds "7"]
[EventCountry "GER"]
[SourceTitle "playchess.com"]
[Source "ChessBase"]
[SourceQuality "1"]
[TimeControl "40/5400+30:1800+30"]

1. e4 d5 2. exd5 Nf6 3. Nc3 Nxd5 4. Nxd5 Qxd5 5. d4 Nc6 6. c3 e5 7. dxe5 Qxd1+ 8. Kxd1 Nxe5 9. Be2 Bf5 10. Nf3 O-O-O+ 11. Ke1 Nd3+ 12. Bxd3 Bxd3 13. Be3 Bd6 14. Rd1 Be4 15. Rd4 Rhe8 16. h4 f6 17. h5 b6 18. Rh4 Bb7 19. Kf1 Rd7 20. Nd2 Rde7 21. b4 Be5 22. Rd3 f5 23. Nf3 Bf6 24. Rf4 g5 25. Rxf5 Be4 26. Rxf6 Bxd3+ 27. Kg1 g4 28. Nd4 g3 29. Nf5 gxf2+ 30. Bxf2 Re2 31. Rf7 Bxf5 32. Rxf5 Rxa2 33. Rf7 Ree2 34. g4 Re4 35. Rg7 a5 36. Bg3 Rc4 37. Be5 axb4 38. Rxh7 bxc3 39. Bxc3 Rxc3 40. Rf7 Rc1+ 41. Rf1 Rxf1+ 42. Kxf1 Ra4 43. g5 Ra5 44. h6 Rxg5 45. h7 Rh5 0-1

[Event "DVM U14 2021"]
[Site "Willingen"]
[Date "2022.08.14"]
[Round "4"]
[White "Widmann, Maximilian"]
[Black "Vollbehr, Bjarne"]
[Result "0-1"]
[ECO "A41"]
[WhiteElo "1573"]
[BlackElo "1654"]
[Annotator "NA RC"]
[PlyCount "88"]
[EventDate "2022.08.12"]
[EventType "team-tourn"]
[EventRounds "7"]
[EventCountry "GER"]
[SourceTitle "playchess.com"]
[Source "ChessBase"]
[SourceQuality "1"]
[TimeControl "40/5400+30:1800+30"]

1. Nf3 g6 2. d4 Bg7 3. c4 d6 4. Nc3 Nc6 5. g3 e5 6. dxe5 Nxe5 7. Nxe5 Bxe5 8. Bg2 Ne7 9. O-O O-O 10. Qc2 Nc6 11. b3 Bd7 12. Bb2 Nd4 13. Qd2 Bc6 14. Nd5 Ne6 15. Bxe5 dxe5 16. Rad1 Nd4 17. e3 Bxd5 18. cxd5 Nf5 19. Qb4 Nd6 20. Rc1 f5 21. Qc3 Qf6 22. Qxc7 Rf7 23. Qc3 Rd8 24. Rfd1 Kg7 25. f3 Rfd7 26. e4 Nb5 27. Qe3 Nd4 28. Rd3 Qb6 29. Kf1 fxe4 30. fxe4 Rf8+ 31. Ke1 Rdf7 32. Rxd4 exd4 33. Qd2 d3 34. Qxd3 Qf2+ 35. Kd1 Qxg2 36. Qd4+ Kg8 37. Qd2 Rf1+ 38. Kc2 R8f2 39. Qxf2 Qxf2+ 40. Kd3 Rxc1 41. e5 Qc2+ 42. Kd4 Rd1+ 43. Ke3 Rd3+ 44. Kf4 Qf2+ 0-1

[Event "DVM U14 2021"]
[Site "Willingen"]
[Date "2022.08.14"]
[Round "4"]
[White "Lipinsky, Pierre"]
[Black "Stein, Theodor"]
[Result "1/2-1/2"]
[ECO "E73"]
[WhiteElo "1560"]
[BlackElo "1510"]
[Annotator "NA RC"]
[PlyCount "48"]
[EventDate "2022.08.12"]
[EventType "team-tourn"]
[EventRounds "7"]
[EventCountry "GER"]
[SourceTitle "playchess.com"]
[Source "ChessBase"]
[SourceQuality "1"]
[TimeControl "40/5400+30:1800+30"]

1. d4 g6 2. c4 Nf6 3. Nc3 Bg7 4. e4 d6 5. Be2 O-O 6. Be3 c6 7. Qd2 a6 8. f3 e5 9. d5 cxd5 10. Nxd5 Nxd5 11. cxd5 f5 12. Bd3 Nd7 13. Ne2 Nf6 14. Nc3 fxe4 15. Nxe4 Nxe4 16. Bxe4 Bf5 17. O-O Rc8 18. Qb4 Rf7 19. Rf2 Bf8 20. Raf1 b5 21. Qd2 Qd7 22. Rc1 Qb7 23. Rxc8 Qxc8 24. Qc1 Rc7 1/2-1/2

[Event "DVM U14 2021"]
[Site "Willingen"]
[Date "2022.08.14"]
[Round "4"]
[White "von Beckh, Frieda"]
[Black "Aravindan, Midhulan"]
[Result "1-0"]
[ECO "C14"]
[WhiteElo "1548"]
[BlackElo "1642"]
[Annotator "NA RC"]
[PlyCount "61"]
[EventDate "2022.08.12"]
[EventType "team-tourn"]
[EventRounds "7"]
[EventCountry "GER"]
[SourceTitle "playchess.com"]
[Source "ChessBase"]
[SourceQuality "1"]
[TimeControl "40/5400+30:1800+30"]

1. e4 e6 2. d4 d5 3. Nc3 Nf6 4. Bg5 Be7 5. e5 Nfd7 6. h4 h6 7. Bxe7 Qxe7 8. Nf3 a6 9. Qd2 c5 10. dxc5 Nxc5 11. Nd4 Nc6 12. f4 Bd7 13. g4 g5 14. hxg5 O-O-O 15. gxh6 f6 16. Nxc6 Bxc6 17. exf6 Qxf6 18. g5 Qg6 19. Bd3 Nxd3+ 20. Qxd3 Qf7 21. Qd4 Rdf8 22. O-O-O Qxf4+ 23. Qxf4 Rxf4 24. g6 Rg4 25. g7 Rxh6 26. Rxh6 Rxg7 27. Rxe6 Rg5 28. Re2 Kd7 29. Red2 Ke6 30. Ne2 Ke7 31. Nf4 1-0

[Event "DVM U14 2021"]
[Site "Willingen"]
[Date "2022.08.14"]
[Round "4"]
[White "Kommessin, Felix"]
[Black "Borgert, Alexander"]
[Result "0-1"]
[ECO "B22"]
[WhiteElo "1536"]
[BlackElo "1477"]
[Annotator "NA RC"]
[PlyCount "106"]
[EventDate "2022.08.12"]
[EventType "team-tourn"]
[EventRounds "7"]
[EventCountry "GER"]
[SourceTitle "playchess.com"]
[Source "ChessBase"]
[SourceQuality "1"]
[TimeControl "40/5400+30:1800+30"]

1. e4 c5 2. d4 cxd4 3. c3 Nf6 4. e5 Nd5 5. Nf3 Nc6 6. cxd4 d6 7. exd6 Qxd6 8. Nc3 Bf5 9. Bc4 Qe6+ 10. Be3 Nxc3 11. Bxe6 Nxd1 12. Bxf7+ Kxf7 13. Rxd1 e6 14. Ne5+ Nxe5 15. dxe5 Bb4+ 16. Ke2 Rhd8 17. f3 Rac8 18. Rxd8 Rxd8 19. Rc1 Rd7 20. a3 Be7 21. Bxa7 Bg5 22. Be3 Bxe3 23. Kxe3 Rd3+ 24. Kf2 Rb3 25. Rc7+ Kg6 26. g4 Rxb2+ 27. Kg3 Bb1 28. h4 h6 29. f4 Rb3+ 30. Kh2 Be4 31. h5+ Kh7 32. g5 Rb2+ 33. Kh3 Bf5+ 34. Kg3 Rb3+ 35. Kg2 Rxa3 36. g6+ Bxg6 37. hxg6+ Kxg6 38. Rxb7 h5 39. Rb8 h4 40. Rh8 Rg3+ 41. Kf2 Kf5 42. Re8 Rg4 43. Ke3 Rg3+ 44. Kf2 Kxf4 45. Rxe6 h3 46. Re8 Rg2+ 47. Kf1 Kg3 48. Rg8 Rf2+ 49. Ke1 Rf7 50. Rh8 g5 51. Rg8 Rf5 52. e6 h2 53. Rh8 Kg2 0-1

[Event "DVM U14 2021"]
[Site "Willingen"]
[Date "2022.08.14"]
[Round "4"]
[White "Strauss, Florian"]
[Black "Kiefhaber, Tobias"]
[Result "0-1"]
[ECO "B13"]
[WhiteElo "1527"]
[BlackElo "1581"]
[Annotator "NA RC"]
[PlyCount "56"]
[EventDate "2022.08.12"]
[EventType "team-tourn"]
[EventRounds "7"]
[EventCountry "GER"]
[SourceTitle "playchess.com"]
[Source "ChessBase"]
[SourceQuality "1"]
[TimeControl "40/5400+30:1800+30"]

1. e4 c6 2. d4 d5 3. exd5 cxd5 4. Bd3 Nf6 5. h3 g6 6. Bf4 Bf5 7. Bxf5 gxf5 8. Nf3 e6 9. c3 Bd6 10. Bxd6 Qxd6 11. Ne5 Nc6 12. Nd3 Rg8 13. g3 Ne4 14. Rg1 O-O-O 15. Nd2 e5 16. dxe5 Nxe5 17. Nxe5 Qxe5 18. Nf3 Qe7 19. Qe2 Qc5 20. Kf1 Rde8 21. Qc2 Qc4+ 22. Kg2 Nxg3 23. Kh2 Re2 24. Qb1 Rxf2+ 25. Rg2 Rxg2+ 26. Kxg2 Qe2+ 27. Kg1 Nf1+ 28. Kh1 Qg2# 0-1

[Event "DVM U14 2021"]
[Site "Willingen"]
[Date "2022.08.14"]
[Round "4"]
[White "Spranger, Tobias"]
[Black "Huber, Laura"]
[Result "1-0"]
[ECO "D56"]
[WhiteElo "1522"]
[BlackElo "1302"]
[Annotator "NA RC"]
[PlyCount "151"]
[EventDate "2022.08.12"]
[EventType "team-tourn"]
[EventRounds "7"]
[EventCountry "GER"]
[SourceTitle "playchess.com"]
[Source "ChessBase"]
[SourceQuality "1"]
[TimeControl "40/5400+30:1800+30"]

1. d4 d5 2. c4 e6 3. Nc3 Nf6 4. Bg5 Be7 5. Nf3 O-O 6. e3 h6 7. Bh4 Re8 8. Bd3 dxc4 9. Bxc4 b6 10. O-O Bb7 11. Bg3 Bd6 12. Bh4 Be7 13. Re1 Ne4 14. Bxe7 Qxe7 15. Ne5 Nxc3 16. bxc3 Nc6 17. Nf3 Rad8 18. e4 Na5 19. Bb3 Nxb3 20. Qxb3 Qd6 21. Rad1 Qf4 22. Nd2 c5 23. g3 Qg5 24. Nc4 cxd4 25. cxd4 Qe7 26. Ne5 Rd6 27. f3 Red8 28. Qa4 Ba8 29. Re2 f6 30. Ng4 Qd7 31. Qxd7 R6xd7 32. Red2 Bc6 33. Rc1 Bb5 34. Rb1 Bc6 35. Rb4 Ba8 36. Kf2 Rd6 37. Ke3 R6d7 38. Rc4 Kf8 39. Nf2 f5 40. Nd3 b5 41. Rb4 a6 42. Nc5 Rd6 43. Rb3 Ke7 44. Ra3 fxe4 45. fxe4 e5 46. Rad3 exd4+ 47. Rxd4 Rxd4 48. Rxd4 Rxd4 49. Kxd4 a5 50. Nb3 a4 51. Nc5 Bc6 52. a3 Kd6 53. e5+ Ke7 54. Na6 Ke6 55. Nc5+ Ke7 56. Nd3 Ke6 57. Nf4+ Ke7 58. Kc5 Be8 59. Nd5+ Kd7 60. e6+ Kxe6 61. Nc7+ Ke7 62. Nxe8 Kxe8 63. Kxb5 Kd7 64. Kxa4 g5 65. Kb5 Kc7 66. a4 h5 67. a5 h4 68. g4 Kb7 69. Kc5 Ka6 70. Kd5 Kxa5 71. Ke5 Kb6 72. Kf5 Kc7 73. Kxg5 Kd7 74. Kxh4 Ke7 75. Kg5 Kf7 76. Kh6 1-0

[Event "DVM U14 2021"]
[Site "Willingen"]
[Date "2022.08.14"]
[Round "4"]
[White "Eichhorn, Valentin"]
[Black "Trenz, Finn"]
[Result "1/2-1/2"]
[ECO "D04"]
[WhiteElo "1506"]
[BlackElo "1667"]
[Annotator "NA RC"]
[PlyCount "41"]
[EventDate "2022.08.12"]
[EventType "team-tourn"]
[EventRounds "7"]
[EventCountry "GER"]
[SourceTitle "playchess.com"]
[Source "ChessBase"]
[SourceQuality "1"]
[TimeControl "40/5400+30:1800+30"]

1. d4 d5 2. Nf3 Nf6 3. e3 c5 4. b3 cxd4 5. exd4 Nc6 6. Bb2 g6 7. Bd3 Nb4 8. Bb5+ Bd7 9. Bxd7+ Qxd7 10. O-O Rc8 11. c3 Nc6 12. Nbd2 Bg7 13. Re1 O-O 14. Rc1 Rfd8 15. Ne5 Qd6 16. Qe2 e6 17. Rcd1 Nd7 18. f4 a5 19. Ndf3 a4 20. Nxc6 bxc6 21. b4 1/2-1/2